 Dungeon Crawl Stone Soup version 0.26.1-2-gb8aa6d0cf2 (webtiles) character file.

Game seed: 4803422191758024432

9721 EvilAshe the Carver (level 11, -21/86 HPs)
             Began as a Hill Orc Wanderer on Feb 22, 2021.
             Was a Believer of Makhleb.
             Demolished by a freezing wraith (23 damage)
             ... led by a death knight
             ... on level 11 of the Dungeon.
             The game lasted 01:03:56 (16769 turns).

EvilAshe the Carver (Hill Orc Wanderer)            Turns: 16769, Time: 01:03:57

Health: -21/86     AC: 25    Str: 21    XL:     11   Next: 50%
Magic:  12/12      EV:  7    Int: 10    God:    Makhleb [**....]
Gold:   466        SH: 11    Dex: 10    Spells: 12/12 levels left

rFire    + . .     SeeInvis .   a - +2 scimitar (protect)
rCold    . . .     Faith    .   i - +0 kite shield
rNeg     + . .     Spirit   .   M - +1 chain mail {rF+}
rPois    .         Reflect  .   (no helmet)
rElec    .         Harm     .   o - +1 cloak
rCorr    .         Rampage  .   t - +1 pair of gloves
Will     .....                  s - +0 pair of boots
Stlth    ..........             (no amulet)
HPRegen  0.24/turn              v - ring of positive energy
MPRegen  0.13/turn              K - ring of wizardry

@: weak-willed, protection aura
A: no striking features
a: Renounce Religion, Minor Destruction


You were on level 11 of the Dungeon.
You worshipped Makhleb.
Makhleb was pleased with you.
You visited 3 branches of the dungeon, and saw 13 of its levels.
You also visited: Ossuary.

You collected 620 gold pieces.
You spent 154 gold pieces at shops.

Inventory:

Hand Weapons
 a - a +2 scimitar of protection (weapon)
 b - a +0 hunting sling
Missiles
 f - 239 stones
 l - 60 poisoned darts (quivered)
 q - 87 sling bullets
Armour
 c - the cursed +1 scale mail of Honesty {rElec}
   (You took it off an orc on level 9 of the Dungeon)

   It insulates you from electricity.
   It has a curse placed upon it.
 i - a +0 kite shield (worn)
 o - a +1 cloak (worn)
 s - a +0 pair of boots (worn)
 t - a +1 pair of gloves (worn)
 C - a scarf of invisibility
 M - a +1 chain mail of fire resistance (worn)
Jewellery
 v - a ring of positive energy (left hand)
 G - an uncursed amulet of faith
 K - a ring of wizardry (right hand)
Wands
 F - a wand of enslavement (7)
Scrolls
 e - 2 scrolls of fear
 j - 2 scrolls of amnesia
 p - 6 scrolls of remove curse
 r - a scroll of enchant armour
 u - 2 scrolls of enchant weapon {unknown}
 y - 3 scrolls of magic mapping
 A - a scroll of fog
 D - 2 scrolls of immolation {unknown}
 H - a scroll of identify
Potions
 d - 5 potions of curing
 g - a potion of lignification
 h - 5 potions of brilliance
 k - 3 potions of heal wounds
 m - a potion of ambrosia
 n - 3 potions of invisibility
 x - 3 potions of flight
 z - a potion of might
 B - a potion of cancellation
 E - a potion of haste
 I - a potion of berserk rage


   Skills:
 - Level 5.1 Fighting
 * Level 12.8 Long Blades
 - Level 2.1 Staves
 - Level 1.0 Throwing
 + Level 9.2 Armour
 - Level 2.0 Dodging
 - Level 1.0 Stealth
 + Level 9.4 Shields
 - Level 1.1 Unarmed Combat
 - Level 1.0 Spellcasting
 - Level 1.0 Translocations
 - Level 1.0 Earth Magic


You had 12 spell levels left.
You didn't know any spells.
Your spell library contained the following spells:

 Spells                   Type           Power        Failure   Level
 Foxfire                  Conj/Fire      0%           86%         1
 Magic Dart               Conj           0%           86%         1
 Shock                    Conj/Air       0%           86%         1
 Summon Small Mammal      Summ           0%           86%         1
 Call Imp                 Summ           0%           94%         2
 Searing Ray              Conj           0%           94%         2
 Swiftness                Air            0%           94%         2
 Call Canine Familiar     Summ           0%           99%         3
 Conjure Flame            Conj/Fire      0%           99%         3
 Dazzling Flash           Conj/Hex       0%           99%         3
 Inner Flame              Hex/Fire       0%           99%         3
 Static Discharge         Conj/Air       0%           99%         3
 Summon Guardian Golem    Hex/Summ       0%           99%         3
 Airstrike                Air            0%           100%        4
 Fulminant Prism          Conj/Hex       0%           100%        4
 Iskenderun's Mystic Bla  Conj/Tloc      1%           100%        4
 Sticky Flame             Conj/Fire      0%           100%        4
 Summon Ice Beast         Ice/Summ       0%           100%        4
 Summon Lightning Spire   Summ/Air       0%           100%        4
 Fireball                 Conj/Fire      0%           100%        5
 Lightning Bolt           Conj/Air       0%           100%        5


Dungeon Overview and Level Annotations

Branches:
Dungeon (11/15)            Temple (1/1) D:6            Lair (1/6) D:10
    Orc (0/2) D:9         Ossuary (visited)

Altars:
Ashenzari
Cheibriados
Dithmenos
Elyvilon
Fedhas
Gozag
Hepliaklqana
Kikubaaqudgha
Makhleb
Nemelex Xobeh
Okawaru
Qazlal
Ru
Sif Muna
Trog
Uskayaw
Vehumet
Wu Jian
Xom
Yredelemnul
Zin
The Shining One

Shops:
D:4 !   D:5 [   D:7 !   D:8 ?

Annotations:
D:3 Sigmund
D:4 Grinder


Message History

Okay, then.
As you read the scroll of fear, it crumbles to dust.
You assume a fearsome visage.
The phantasmal warrior is unaffected.
The freezing wraith is unaffected.
The phantasmal warrior hits you but does no damage.
Your chain mail prevents you from hitting the phantasmal warrior.
The freezing wraith hits you but does no damage.
You block the freezing wraith's attack. The phantasmal warrior hits you!
* * * LOW HITPOINT WARNING * * *
Your willpower is stripped away!
Your shield and chain mail prevent you from hitting the phantasmal warrior.
The freezing wraith barely misses you.
The freezing wraith hits you but does no damage.
The phantasmal warrior hits you but does no damage.
You hit the phantasmal warrior but do no damage.
Your weapon exudes an aura of protection.
The freezing wraith hits you!
* * * LOW HITPOINT WARNING * * *
The freezing wraith freezes you!!
You die...

#.##........#
#.###.#.###.#
#.###...# #.#
#.......#
#.#### #
#######.#
#....# ## #.#
####.# .# #.#
#.# .# #.#
#W# .# #.#
#@# )# #.#
#W# )# #.#
#.# .# #.#
#.# .# #.#
#?# )#####
#.# #.#
)....# #.#
#.# ####.#
#)# #.#
#.####.# #.#


You could see a phantasmal warrior and a freezing wraith.

Vanquished Creatures
  A boulder beetle (D:11)
  A death knight (D:11)
  2 two-headed ogres (D:10)
  2 unseen horrors
  2 ugly things
  A cyclops (D:11)
  A hornet (D:9)
  A wyvern (D:9)
  Duvessa (D:5)
  3 water moccasins
  An ice beast (D:8)
  4 black bears
  3 orc warriors
  A sky beast (D:10)
  4 ogres
  A necrophage (D:5)
  3 eyes of draining (D:9)
  3 big kobolds
  Blork the orc (D:5)
  A wyvern zombie (D:7)
  4 bullfrogs
  Dowan (D:5)
  2 scorpions
  4 killer bees (D:11)
  4 wights
  A howler monkey (D:4)
  An electric eel (D:7)
  A quasit (D:5)
  A centaur zombie (D:8)
  2 hounds
  7 orc priests
  2 bullfrog skeletons
  A centaur skeleton (D:8)
  A jelly (D:9)
  8 orc wizards
  Jessica (D:2)
  6 iguanas
  Ijyb (D:5)
  9 worker ants
  A hound zombie (D:10)
  2 hound skeletons
  3 mummies (Ossuary)
  A worker ant zombie (D:5)
  9 adders
  6 gnolls
  A river rat (D:5)
  A shadow imp (D:7)
  2 white imps
  An ufetubus (D:4)
  5 adder zombies (Ossuary)
  4 adder skeletons
  3 worms
  11 dart slugs
  6 leopard geckos
  30 orcs
  12 giant cockroaches
  A gnoll zombie (Ossuary)
  3 goblins (D:2)
  10 hobgoblins
  9 jackals
  6 quokkas
  8 bats
  7 frilled lizards
  2 goblin zombies (Ossuary)
  2 hobgoblin zombies (Ossuary)
  A jackal skeleton (D:7)
  A jackal zombie (D:3)
  14 kobolds
  4 kobold zombies (Ossuary)
  3 leopard gecko skeletons
  A quokka skeleton (D:5)
  A quokka zombie (Ossuary)
  13 rats
  3 rat zombies (Ossuary)
281 creatures vanquished.

Vanquished Creatures (others)
  9 plants (D:10)
9 creatures vanquished.

Grand Total: 290 creatures vanquished

Notes
Turn   | Place    | Note
-------+----------+-------------------------------------------
     0 | D:1      | EvilAshe the Hill Orc Wanderer began the quest for the Orb.
     0 | D:1      | EvilAshe set off with the following items: a +2 dagger, a
                  | potion of heal wounds, a +0 quarterstaff, a potion of
                  | curing, a +0 robe
     0 | D:1      | Reached XP level 1. HP: 19/19 MP: 2/2
   126 | D:1      | Reached XP level 2. HP: 24/27 MP: 3/3
   449 | D:1      | Reached skill level 1 in Staves
   821 | D:1      | Reached skill level 1 in Dodging
   836 | D:1      | Reached XP level 3. HP: 30/33 MP: 4/4
  1289 | D:2      | Noticed Jessica
  1736 | D:2      | Reached XP level 4. HP: 29/41 MP: 5/5
  2090 | D:2      | Killed Jessica
  3173 | D:2      | Reached skill level 1 in Long Blades
  3173 | D:2      | Reached XP level 5. HP: 45/47 MP: 6/6
  3423 | D:3      | Found a faded altar of an unknown god.
  3542 | D:3      | Noticed Sigmund
  3669 | D:4      | Reached skill level 5 in Fighting
  3695 | D:4      | Reached skill level 2 in Long Blades
  3748 | D:4      | Reached XP level 6. HP: 48/56 MP: 7/7
  3828 | D:4      | Reached skill level 1 in Armour
  4137 | D:3      | Reached skill level 3 in Long Blades
  4606 | D:4      | Reached XP level 7. HP: 51/61 MP: 8/8
  4689 | D:4      | Found Coeq's Distillery.
  4844 | D:4      | Reached skill level 4 in Long Blades
  5192 | D:4      | Noticed Grinder
  5210 | D:4      | Paralysed by Grinder for 5 turns
  5221 | D:5      | Entered Level 5 of the Dungeon
  5324 | D:5      | Found a sand-covered staircase.
  5353 | Ossuary  | Entered an ossuary
  5796 | D:5      | Noticed Ijyb
  5824 | D:5      | Killed Ijyb
  5825 | D:5      | Reached skill level 5 in Long Blades
  5842 | D:5      | Noticed Dowan
  5850 | D:5      | Noticed Duvessa
  5855 | D:5      | Killed Dowan
  5873 | D:5      | Killed Duvessa
  5874 | D:5      | Reached XP level 8. HP: 68/68 MP: 9/9
  5980 | D:5      | Found Miv Mal's Antique Armour Shoppe.
  6033 | D:5      | Noticed Blork the orc
  6106 | D:5      | Killed Blork the orc
  6255 | D:5      | Reached skill level 6 in Long Blades
  6917 | D:6      | Found a staircase to the Ecumenical Temple.
  6944 | Temple   | Entered the Ecumenical Temple
  7011 | Temple   | Became a worshipper of Makhleb the Destroyer
  7781 | D:6      | Reached skill level 7 in Long Blades
  8168 | D:7      | Reached skill level 5 in Shields
  8321 | D:7      | Reached skill level 5 in Armour
  8739 | D:7      | Reached XP level 9. HP: 63/74 MP: 10/10
  8770 | D:7      | Reached skill level 8 in Long Blades
  9357 | D:7      | Found Miaq Coa's Distillery.
  9799 | D:8      | Found Tiasoakk's Magic Scroll Emporium.
  9810 | D:8      | Bought a scroll of blinking for 105 gold pieces
  9810 | D:8      | Bought a scroll of magic mapping for 49 gold pieces
  9988 | D:8      | Found a white marble altar of Elyvilon.
 10295 | D:7      | Reached skill level 9 in Long Blades
 10793 | D:9      | Found a staircase to the Orcish Mines.
 11162 | D:9      | Found a bloodstained altar of Trog.
 11329 | D:9      | Reached * piety under Makhleb
 11482 | D:9      | Identified the cursed +1 scale mail of Honesty {rElec}
 11513 | D:9      | Found a hazy altar of Hepliaklqana.
 11516 | D:9      | Found an iron altar of Okawaru.
 11519 | D:9      | Found an opulent altar of Gozag.
 11522 | D:9      | Found an ancient bone altar of Kikubaaqudgha.
 12008 | D:9      | Reached XP level 10. HP: 81/81 MP: 2/11
 12269 | D:10     | Entered Level 10 of the Dungeon
 12287 | D:10     | Noticed a two-headed ogre
 12399 | D:9      | Reached skill level 10 in Long Blades
 12533 | D:10     | Noticed a boulder beetle
 13017 | D:10     | Found a staircase to the Lair.
 13362 | D:10     | Paralysed by a hornet for 2 turns
 13698 | D:9      | Paralysed by a hornet for 3 turns
 14126 | D:10     | Noticed a two-headed ogre
 14529 | D:11     | Noticed a cyan ugly thing
 14542 | D:10     | Killed a cyan ugly thing
 14870 | D:11     | Noticed a cyclops
 14970 | Lair:1   | Entered Level 1 of the Lair of Beasts
 14970 | Lair:1   | Noticed a cane toad
 15054 | D:10     | Killed an unseen horror
 15055 | D:10     | Reached skill level 11 in Long Blades
 15246 | D:10     | Killed a two-headed ogre
 15363 | D:10     | Found a blossoming altar of Fedhas.
 15397 | D:11     | Noticed a boulder beetle
 15442 | D:10     | Killed a two-headed ogre
 15443 | D:10     | Reached XP level 11. HP: 78/86 MP: 12/12
 15682 | D:11     | Killed a cyclops
 15683 | D:11     | Reached skill level 12 in Long Blades
 15753 | D:11     | Killed an unseen horror
 15759 | D:11     | Noticed a cyan ugly thing
 15847 | D:11     | Killed a cyan ugly thing
 15979 | D:11     | Reached ** piety under Makhleb
 16199 | D:11     | Noticed a six-headed hydra
 16429 | D:11     | Killed a boulder beetle
 16733 | D:11     | Noticed a death knight
 16755 | D:11     | Killed a death knight
 16756 | D:11     | Noticed a phantasmal warrior
 16769 | D:11     | HP: 2/86 [freezing wraith[a death knight] (8)]
 16769 | D:11     | Demolished by a freezing wraith

Illustrated notes

Levels and vault maps discovered:
D:1:      dpeg_arrival_prison, layout_rooms, minmay_box_of_dots
D:2:      layout_rooms, kennysheep_pointless_box, uniq_jessica
D:3:      layout_rooms, chequers_ecumenical_altar_island, minmay_checkerbox,
          uniq_sigmund
D:4:      layout_cave_pools, serial_shops, shop, minivault_19,
          grunt_ministairs_2, uniq_grinder, uniq_crazy_yiuf_cottage
D:5:      layout_rooms, serial_shops, shop, gup_sewer_entry_spiral,
          nicolae_ossuary_entry_ruins, due_unseen_surprise, uniq_blork_the_orc,
          uniq_duvessa, uniq_ijyb
D:6:      layout_basic, temple_statues
D:7:      kennysheep_slugbush, layout_loops_ring, serial_shops,
          kennysheep_little_box
D:8:      layout_loops_ring, elyvilon_altar_4, serial_shops, nicolae_shop_stone
D:9:      layout_grid_maze, grunt_temple_overflow_cloverleaf,
          trog_eyes_of_draining, david_orc_3
D:10:     layout_basic, dpeg_oklobed_lair, fedhas_altar_4
D:11:     layout_loops_ring
Temple:   kb_temple_of_zot
Lair:1:   layout_cave_pods, cheibrodos_lair_lostbears, grunt_megastairs_3

Skill      XL: |  1  2  3  4  5  6  7  8  9 10 11 |
---------------+----------------------------------+-----
Fighting       | 4 5 |  5.1
Staves         | 1 2 |  2.1
Dodging        | 1 2 |  2.0
Long Blades    | 1 2 3 5 7 9 11 12 | 12.8
Armour         | 2 3 5 6 8 9 |  9.2
Shields        | 2 4 5 7 8 9 |  9.4
Throwing       | |  1.0
Stealth        | |  1.0
Unarmed Combat | |  1.1
Spellcasting   | |  1.0
Translocations | |  1.0
Earth Magic    | |  1.0

Action                   |  1- 3 |  4- 6 |  7- 9 | 10-12 || total
-------------------------+-------+-------+-------+-------++-------
Melee: Quarterstaff      |    71 |     2 |       |       ||    73
       Long sword        |       |   126 |   661 |    35 ||   822
       Scimitar          |       |       |       |   289 ||   289
 Fire: Hunting sling     |    52 |    85 |    66 |    20 ||   223
Throw: Dart              |       |    41 |    49 |    12 ||   102
Evoke: Wand              |       |       |     5 |     2 ||     7
  Use: Scroll            |     1 |     5 |    13 |     8 ||    27
       Potion            |       |       |     2 |     4 ||     6
 Stab: Sleeping          |     1 |       |       |       ||     1
       Paralysed         |       |       |     7 |     3 ||    10
Armor: Robe              |    14 |       |       |       ||    14
       Leather armour    |    13 |    44 |       |       ||    57
       Chain mail        |       |    32 |   328 |   159 ||   519
       Skin              |       |       |    49 |       ||    49
Dodge: Dodged            |    76 |    76 |   144 |    78 ||   374
Block: Kite shield       |       |    59 |   323 |   137 ||   519
       Rpst.: Long sword |       |    21 |    38 |     4 ||    63
       Scimitar          |       |       |       |    19 ||    19
